 Dungeon Crawl Stone Soup version 0.31-a0-222-gefeffbb62a (webtiles) character file.

Game seed: 17199523469355311383

7487 olmar the Grappler (level 11, -12/89 HPs)
             Began as a Ghoul Monk on July 5, 2023.
             Was an Initiate of Gozag.
             Killed from afar by an electric eel (13 damage)
             ... with a bolt of electricity
             ... on level 9 of the Dungeon.
             The game lasted 00:14:44 (10009 turns).

olmar the Grappler (Ghoul Monk)                    Turns: 10009, Time: 00:14:45

Health: -12/89     AC: 20    Str: 20    XL:     11   Next: 16%
Magic:  10/10      EV:  8    Int:  5    God:    Gozag
Gold:   853        SH:  0    Dex: 13    Spells: 10/10 levels left

rFire   . .          .
                       - Unarmed
rCold   + . .        (no shield)
rNeg    + + +        E - +0 plate armour
rPois   ∞            e - +1 helmet of Integrity {Dex+2}
rElec   .            N - scarf of the Bard {shadows, +Inv}
rCorr   .            (no gloves)
SInv    .            J - +0 pair of boots
Will    .....        (no amulet) Stlth
                     G - +4 ring of protection
HPRegen 0.00/turn    (no ring)
MPRegen 0.12/turn

%: no passive effects
@: gold aura, inhibited regen, very slow
A: claws 1, cold resistance 1, negative energy resistance 3, inhibited
regeneration, torment resistance 2, devour on kill
a: Renounce Religion, Evoke Invisibility, Potion Petition, Call Merchant, Bribe
Branch


You were on level 9 of the Dungeon.
You worshipped Gozag.
Gozag was pleased with you.
You visited 2 branches of the dungeon, and saw 10 of its levels.
You also visited: Bailey.

You collected 1080 gold pieces.
You spent 227 gold pieces at shops.

Inventory:

Hand Weapons
 P - the +0 hand axe of the Equator {flame, *Slow Dex+5}
   (You found it in a bailey)

   Dex:       It affects your dexterity (+5).
   *Slow:     It may slow you when you take damage.
Missiles
 g - 2 curare-tipped darts
 j - 27 boomerangs
 z - a throwing net (quivered)
 D - 9 poisoned darts
Armour
 a - a +0 robe
 c - an orb of light
 e - the +1 helmet of Integrity (worn) {Dex+2}
   (You took it off Robin on level 2 of the Dungeon)

   Dex:       It affects your dexterity (+2).
 m - a +0 helmet
 p - a +0 chain mail
 r - a +1 cloak
 u - an orb of mayhem
 A - a scarf of invisibility
 C - a +0 chain mail
 E - a +0 plate armour (worn)
 J - a +0 pair of boots (worn)
 N - the scarf of the Bard (worn) {shadows, +Inv}
   (You acquired it on level 8 of the Dungeon)

   +Inv:      It lets you turn invisible.
Jewellery
 t - an amulet of faith
 G - a +4 ring of protection (left claw)
 R - a ring of ice
Wands
 b - a wand of roots (6)
 I - a wand of flame (24)
 S - a wand of charming (3)
Scrolls
 d - a scroll of torment {unknown}
 f - 6 scrolls of enchant weapon
 h - 3 scrolls of fog
 n - a scroll of silence {unknown}
 o - a scroll of brand weapon {unknown}
 q - 2 scrolls of amnesia {unknown}
 s - 2 scrolls of vulnerability {unknown}
 v - 3 scrolls of teleportation {unknown}
 w - a scroll of noise {unknown}
 y - 2 scrolls of revelation
 B - a scroll of enchant armour {unknown}
 H - a scroll of identify
Potions
 i - 2 potions of brilliance
 k - a potion of degeneration
 l - 5 potions of curing
 x - 5 potions of mutation
 F - a potion of heal wounds
 K - a potion of might {unknown}
 L - a potion of haste {unknown}
 M - a potion of magic {unknown}
 Q - a potion of berserk rage {unknown}
Miscellaneous
 O - a piece from Xom's chessboard (15/15)


   Skills:
 + Level 6.2 Fighting
 - Level 0.1 Throwing
 + Level 6.1 Armour
 + Level 6.1 Dodging
 - Level 1.4 Stealth
 + Level 14.5 Unarmed Combat
 + Level 1.5 Evocations


You had 10 spell levels left.
You didn't know any spells.
Your spell library contained the following spells:

 Spells                   Type           Power      Damage    Failure   Level
 Sandblast                Erth           0%         2d4       100%        1
 Hailstorm                Conj/Ice       0%         3d3       100%        3
 Ozocubu's Armour         Ice            0%         N/A       100%        3
 Portal Projectile        Hex/Tloc       0%         N/A       100%        3
 Stone Arrow              Conj/Erth      0%         3d7       100%        3
 Tukima's Dance           Hex            0%         N/A       100%        3
 Animate Armour           Summ/Erth      0%         N/A       100%        4
 Metabolic Englaciation   Hex/Ice        0%         N/A       100%        5
 Polar Vortex             Ice            0%         N/A       100%        9
 Blade Hands              Tmut           Unusable   N/A       N/A         5
 Simulacrum               Ice/Necr       Unusable   N/A       N/A         6

Dungeon Overview and Level Annotations

Branches:
Dungeon (9/15)             Temple (1/1) D:7          Bailey (visited)
   Lair: D:8-11         Orc: D:9-12

Altars:
Ashenzari
Cheibriados
Dithmenos
Fedhas
Gozag
Hepliaklqana
Kikubaaqudgha
Makhleb
Nemelex Xobeh
Okawaru
Qazlal
Ru
Sif Muna
Trog
Uskayaw
Vehumet
Wu Jian
Xom
Yredelemnul

Shops:
D:1 =   D:2 ([   D:5 *   D:9 ((((


Innate Abilities, Weirdness & Mutations

You are immune to poison.
You have sharp fingernails.
Your flesh is cold resistant. (rC+)
You are immune to negative energy. (rN+++)
You do not regenerate when monsters are visible.
You are immune to unholy pain and torment.
You thrive by killing the living.


Message History

The fire dragon closely misses you.
The fire dragon claws you but does no damage.
The fire dragon tramples you but does no damage.
Your electric eel shoots out a bolt of lightning at the fire dragon!
The bolt of electricity hits the fire dragon.
You scratch the fire dragon.
You kill the fire dragon!
You feel better.
Your Armour skill increases to level 6!
Unknown command.
The electric eel shoots out a bolt of lightning at you!
The bolt of electricity hits you!
* * * LOW HITPOINT WARNING * * *
You see here 21 gold pieces.
Unknown command.
You enter the shallow water.
Moving in this stuff is going to be slow.
Found a glowing morningstar, a box of beasts and a potion of enlightenment.
Unknown command.
Your unstable footing causes you to fumble your attack.
Unknown command.
Your unstable footing causes you to fumble your attack.
Unknown command.
Your unstable footing causes you to fumble your attack.
Unknown command.
Your unstable footing causes you to fumble your attack.
The electric eel shoots out a bolt of lightning at you!
The bolt of electricity hits you!
* * * LOW HITPOINT WARNING * * *
Unknown command.
Your unstable footing causes you to fumble your attack.
Unknown command.
You closely miss the electric eel.
The electric eel is almost dead.
Unknown command.
Your unstable footing causes you to fumble your attack.
The electric eel shoots out a bolt of lightning at you!
The bolt of electricity hits you!
You die...
Your body crumbles into a pile of gold.

##..##
#....#
##....##
#....##
#......#
#.....#
##......#
#.....#
#.......##
#.....##
#........#
#......#
##≈~......#
#...>..#
#≈≈~≈$....#
#.......
#≈≈~~@S..~#
#......#
#≈~.~~S~~≈#
#.....<#
##...≈~≈≈≈≈≈
#......#
#...~~≈≈≈≈≈
#....###
#..$$~≈≈≈≈≈
##.###
#.!$$~≈≈≈≈≈
###
#!})~≈≈≈≈≈≈


You could see an electric eel (ally target) and a friendly electric eel
(charmed).

Vanquished Creatures
  An orc warlord (Bailey)
  A fire dragon (D:9)
  2 two-headed ogres
  A manticore (D:8)
  Grinder (D:3)
  A wyvern (D:9)
  2 steam dragons
  6 yaks (D:9)
  3 water moccasins
  5 orc warriors
  A sky beast (D:7)
  An ogre (D:5)
  A black bear (D:6)
  2 centaurs
  A phantom (D:3)
  3 bullfrogs (D:8)
  3 kobold brigands (D:6)
  A gnoll sergeant (D:8)
  2 scorpions
  8 killer bees
  An electric eel (D:9)
  3 howler monkeys
  3 hounds
  A sleepcap (D:6)
  2 orc priests
  2 orc wizards (D:8)
  Jessica (D:3)
  Natasha (twice) (D:2)
  2 iguanas
  Robin (D:2)
  13 gnolls
  11 adders
  2 white imps (D:6)
  2 ufetubi
  A worm (D:4)
  23 orcs
  9 ball pythons
  4 endoplasms
  2 giant cockroaches
  29 goblins
  27 hobgoblins
  7 jackals (D:4)
  2 quokkas (D:1)
  5 bats
  2 frilled lizards (D:1)
  45 kobolds
  7 rats
255 creatures vanquished.

Notes
Turn   | Place    | Note
-------+----------+-------------------------------------------
     0 | D:1      | olmar the Ghoul Monk began the quest for the Orb.
     0 | D:1      | Reached XP level 1. HP: 19/19 MP: 0/0
   106 | D:1      | Reached XP level 2. HP: 23/26 MP: 1/1
   204 | D:1      | Found a faded altar of an unknown god.
   459 | D:1      | Found Duyculox's Jewellery Shoppe.
   634 | D:2      | Reached XP level 3. HP: 22/33 MP: 2/2
   708 | D:2      | Found Teceh's Antique Armour Emporium.
   807 | D:2      | Found a shimmering altar of Xom.
   882 | D:2      | Reached skill level 4 in Unarmed Combat
  1193 | D:2      | Noticed Natasha
  1197 | D:2      | Killed Natasha
  1198 | D:2      | Reached XP level 4. HP: 40/40 MP: 3/3
  1276 | D:2      | Found Pukiluathre's Weapon Boutique.
  1285 | D:2      | Identified the +1 helmet of Integrity {Dex+2}
  1285 | D:2      | Noticed Robin
  1307 | D:2      | Killed Robin
  1570 | D:2      | Noticed Natasha
  1597 | D:2      | Killed Natasha
  1598 | D:2      | Reached XP level 5. HP: 46/46 MP: 4/4
  1711 | D:3      | Noticed Grinder
  1720 | D:3      | Paralysed by Grinder for 5 turns
  1731 | D:3      | Paralysed by Grinder for 2 turns
  1738 | D:3      | Killed Grinder
  1739 | D:3      | Reached skill level 1 in Stealth
  1739 | D:3      | Reached skill level 6 in Unarmed Combat
  1739 | D:3      | Reached XP level 6. HP: 31/52 MP: 5/5
  1996 | D:3      | Found a sacrificial altar of Ru.
  2372 | D:3      | Reached XP level 7. HP: 59/59 MP: 6/6
  2424 | D:3      | Noticed Jessica
  2438 | D:3      | Killed Jessica
  2439 | D:3      | Reached skill level 7 in Unarmed Combat
  2921 | D:2      | Bought a glowing cloak for 187 gold pieces
  3337 | D:4      | Found a radiant altar of Vehumet.
  3586 | D:5      | Entered Level 5 of the Dungeon
  3978 | D:5      | Reached skill level 8 in Unarmed Combat
  4495 | D:6      | Reached XP level 8. HP: 67/67 MP: 7/7
  4598 | D:5      | HP: 1/67 [gnoll sergeant/+0 trident (13)]
  5214 | D:5      | Found Piawas's Serpentskin Sales.
  5221 | D:5      | Reached skill level 9 in Unarmed Combat
  5226 | D:5      | Bought a scroll of poison for 40 gold pieces
  5349 | D:6      | Reached skill level 5 in Dodging
  5594 | D:6      | Reached skill level 10 in Unarmed Combat
  5717 | D:6      | Reached skill level 5 in Fighting
  5717 | D:6      | Reached XP level 9. HP: 49/74 MP: 8/8
  6494 | D:7      | Reached skill level 11 in Unarmed Combat
  6896 | D:7      | Reached skill level 1 in Armour
  7047 | D:7      | Found a staircase to the Ecumenical Temple.
  7058 | Temple   | Entered the Ecumenical Temple
  7217 | Temple   | Became a worshipper of Gozag Ym Sagoz the Greedy
  7542 | D:8      | Found a flagged portal.
  7557 | Bailey   | Entered a bailey
  7575 | Bailey   | Noticed an orc warlord
  7773 | Bailey   | Found a runed translucent gate.
  7773 | Bailey   | Found a runed translucent gate.
  7773 | Bailey   | Found a runed translucent gate.
  7869 | Bailey   | Killed an orc warlord
  7870 | Bailey   | Reached skill level 12 in Unarmed Combat
  7870 | Bailey   | Reached XP level 10. HP: 81/81 MP: 9/9
  7914 | Bailey   | Identified the +0 hand axe of the Equator {flame, *Slow
                  | Dex+5}
  7945 | D:8      | Noticed a manticore
  7957 | D:8      | Killed a manticore
  7958 | D:8      | Reached skill level 13 in Unarmed Combat
  8115 | D:8      | Acquired the scarf of the Bard {shadows, +Inv}
  8394 | D:8      | Noticed a two-headed ogre
  8401 | D:8      | Killed a two-headed ogre
  8402 | D:8      | Reached skill level 1 in Evocations
  8783 | D:9      | Noticed a two-headed ogre
  8786 | D:9      | Found Gaapu's Weapon Emporium.
  8957 | D:9      | Found Xait Pibb's Weapon Boutique.
  8957 | D:9      | Found Sarch's Antique Weapon Shop.
  8959 | D:9      | Found Xuanwu Ipnog's Weapon Boutique.
  9102 | D:9      | Killed a two-headed ogre
  9157 | D:9      | Got the Octavo of Frigid Terra Firma
  9214 | D:9      | Found a snail-covered altar of Cheibriados.
  9217 | D:9      | Found a hazy altar of Hepliaklqana.
  9222 | D:9      | Found a broken altar of Ashenzari.
  9274 | D:9      | Reached skill level 14 in Unarmed Combat
  9314 | D:9      | Reached skill level 5 in Armour
  9385 | D:9      | HP: 1/83 [yak (6)]
  9394 | D:9      | Reached XP level 11. HP: 17/89 MP: 10/10
  9986 | D:9      | Noticed a fire dragon
 10000 | D:9      | Killed a fire dragon
 10006 | D:9      | HP: 1/89 [electric eel/bolt of electricity (8)]
 10009 | D:9      | Killed from afar by an electric eel

Illustrated notes

Levels and vault maps discovered:
D:1:      wander_arrival_desolate, layout_loops_cross, serial_shops, shop,
          hellmonk_ecumenical_altar_run_dry, palyth_stone_intersect
D:2:      layout_loops_ring, serial_shops, shop, nicolae_shop_peninsula,
          basic_altar, uniq_robin, uniq_natasha
D:3:      layout_basic, nicolae_ru_sacrificial_ziggurat, uniq_jessica,
          uniq_grinder
D:4:      layout_basic, kennysheep_mini, bh_walls_and_bars
D:5:      layout_gridville, guppyfry_shop_venom
D:6:      corexii_shantytown, layout_gridville
D:7:      layout_basic, minmay_temple_entry_gardened_gates
D:8:      layout_cave_pools, enter_bailey_5
D:9:      dragon1_lemuel, layout_cave_pods,
          nicolae_overflow_macrodata_refinement, nicolae_wooded_promenade
Temple:   bh_familiar_temple

Skill      XL: |  1  2  3  4  5  6  7  8  9 10 11 |
---------------+----------------------------------+-----
Dodging        | 3 4 5 6 |  6.1
Unarmed Combat | 4 6 8 10 12 14 | 14.5
Fighting       | 4 5 6 |  6.2
Stealth        | 1 |  1.4
Armour         | 3 5 6 |  6.1
Evocations     | 1 |  1.5
Throwing       | |  0.1

Action                     |  1- 3 |  4- 6 |  7- 9 | 10-12 || total
---------------------------+-------+-------+-------+-------++-------
  Melee: Unarmed           |   112 |    81 |   435 |   109 ||   737
         Punch             |     1 |     3 |    22 |     7 ||    33
  Throw: Boomerang         |       |       |    47 |       ||    47
         Dart              |       |       |     3 |    14 ||    17
         Throwing net      |       |       |     1 |     1 ||     2
  Evoke: Wand              |       |       |     5 |     8 ||    13
    Use: Scroll            |     2 |     2 |     5 |     2 ||    11
         Potion            |       |       |     2 |     1 ||     3
   Stab: Distracted        |       |     1 |     2 |     1 ||     4
         Sleeping          |       |     3 |     2 |       ||     5
 Armour: Robe              |    23 |    19 |    82 |       ||   124
         Plate armour      |       |       |    60 |    69 ||   129
  Dodge: Dodged            |    69 |    38 |   271 |    41 ||   419

Table legend: (Time is in decaauts)
 A = Elapsed time spent in this place.
 B = Non-inter-level travel time spent in this place.
 C = Inter-level travel time spent in this place.
 D = Time resting spent in this place.
 E = Time spent auto-exploring this place.
 F = Levels seen in this place.
 G = Mean time per level.
                   A        B        C        D        E       F      G
               +--------+--------+--------+--------+--------+-----+--------+
         Total |   9914 |   9482 |    432 |   1628 |   5944 |  11 |  901.3 |
       Dungeon |   9352 |   8961 |    391 |   1543 |   5744 |   9 | 1039.1 |
        Temple |    200 |    159 |     41 |      0 |    146 |   1 |  200.0 |
        Bailey |    361 |    361 |      0 |     85 |     53 |   1 |  361.0 |
               +--------+--------+--------+--------+--------+-----+--------+

Top non-repeatable levels by time:
     D:9: 1366 daAuts
     D:5: 1263 daAuts
     D:4: 1217 daAuts
     D:6: 1103 daAuts
     D:3: 1063 daAuts
     D:2: 1030 daAuts
     D:7: 915 daAuts
     D:8: 772 daAuts
     D:1: 619 daAuts
  Bailey: 361 daAuts
  Temple: 200 daAuts
